 Dungeon Crawl Stone Soup version 0.28-a0-1234-g826d19b2e0 (webtiles) character file.

Game seed: 7205127485210625551

1878 vineage the Fighter (level 8, -5/85 HPs)
             Began as a Minotaur Fighter on Dec 23, 2021.
             Was a Believer of Okawaru.
             Slain by Harold (21 damage)
             ... on level 7 of the Dungeon.
             The game lasted 00:07:53 (7995 turns).

vineage the Fighter (Minotaur Fighter)              Turns: 7995, Time: 00:07:54

Health: -5/85      AC: 10    Str: 20    XL:     8   Next: 91%
Magic:  6/7        EV:  9    Int:  5    God:    Okawaru [**....]
Gold:   245        SH:  5    Dex: 13    Spells: 7/7 levels left

rFire   . . .      SeeInvis .   s - +2 hand axe (flame)
rCold   + . .      Faith    .   c - +0 buckler
rNeg    . . .      Spirit   .   b - +0 scale mail
rPois   .          Reflect  .   (helmet restricted)
rElec   +          Harm     .   l - +0 cloak
rCorr   .          Rampage  .   f - +0 pair of gloves
Will    .....      Clarity  +   (no boots)
Stlth   ..........              (no amulet)
HPRegen 0.24/turn               g - ring of protection from cold
MPRegen 0.10/turn               (no ring)

@: marked, flying
A: horns 2, retaliatory headbutt, clarity, electricity resistance
a: Renounce Religion, Heroism


You were on level 7 of the Dungeon.
You worshipped Okawaru.
Okawaru was pleased with you.
You visited 2 branches of the dungeon, and saw 8 of its levels.
You also visited: Sewer.

You collected 245 gold pieces.

Inventory:

Hand Weapons
 a - a +0 long sword
 i - a +2 dagger of venom
 j - a +0 vorpal flail
 s - a +2 hand axe of flaming (weapon)
Armour
 b - a +0 scale mail (worn)
 c - a +0 buckler (worn)
 f - a +0 pair of gloves (worn)
 l - a +0 cloak (worn)
Jewellery
 g - a ring of protection from cold (left hand)
 m - a ring of willpower
 r - a +6 ring of dexterity
Wands
 q - a wand of flame (18)
 v - a wand of digging (4)
Scrolls
 d - a scroll of noise {unknown}
 u - 2 scrolls of immolation
 x - a scroll of identify
 y - a scroll of silence {unknown}
 z - a scroll of fear {unknown}
Potions
 e - 2 potions of haste
 h - 2 potions of lignification {unknown}
 k - a potion of invisibility {unknown}
 n - 2 potions of curing
 o - 2 potions of flight
 p - a potion of heal wounds
 t - a potion of attraction {unknown}
 w - a potion of resistance {unknown}


   Skills:
 - Level 12.7 Fighting
 - Level 2.4 Long Blades
 + Level 5.7 Armour
 + Level 5.7 Shields


You had 7 spell levels left.
You didn't know any spells.
Your spell library contained the following spells:

 Spells                   Type           Power      Damage    Failure   Level
 Sandblast                Erth           0%         2d4       80%         1
 Ensorcelled Hibernation  Hex/Ice        0%         N/A       91%         2
 Passwall                 Tmut/Erth      0%         N/A       91%         2
 Portal Projectile        Hex/Tloc       0%         N/A       99%         3
 Stone Arrow              Conj/Erth      0%         3d7       99%         3
 Blade Hands              Tmut           0%         N/A       100%        5
 Excruciating Wounds      Necr           0%         N/A       100%        5
 Tukima's Dance           Hex            Unusable   N/A       N/A         3

Dungeon Overview and Level Annotations

Branches:
Dungeon (7/15)             Temple (1/1) D:4           Sewer (visited)

Altars:
Ashenzari
Cheibriados
Dithmenos
Elyvilon
Fedhas
Gozag
Hepliaklqana
Kikubaaqudgha
Makhleb
Nemelex Xobeh
Okawaru
Qazlal
Ru
Sif Muna
Trog
Uskayaw
Vehumet
Wu Jian
Xom
Yredelemnul
Zin
The Shining One

Shops:
D:5 (

Annotations:
D:7 Harold


Innate Abilities, Weirdness & Mutations

You have a pair of horns on your head.
You reflexively headbutt those who attack you in melee.
You possess an exceptional clarity of mind.
You are resistant to electric shocks. (rElec)


Message History

Harold gestures at you while chanting.
You barely resist. You barely miss Harold.
You headbutt Harold, but do no damage.
Harold is heavily wounded.
Harold hits you with a +0 morningstar!
* * * LOW HITPOINT WARNING * * *
You hit Harold. You burn Harold.
Harold is heavily wounded.
Harold hits you with a +0 morningstar!
* * * LOW HITPOINT WARNING * * *
Harold hits you with a +0 morningstar.
* * * LOW HITPOINT WARNING * * *
You feel much better. Harold hits you but does no damage.
You feel better.
You feel like a meek peon again. Harold hits you with a +0 morningstar!
You barely miss Harold.
Harold is heavily wounded.
Harold hits you with a +0 morningstar!
* * * LOW HITPOINT WARNING * * *
You hit Harold. You burn Harold.
Harold is heavily wounded.
You block Harold's attack.
You hit Harold. You burn Harold.
Harold is heavily wounded.
Harold points at you and mumbles some strange words.
The mark upon you grows brighter.
You slash Harold! You burn Harold. You headbutt Harold, but do no damage.
Harold is severely wounded.
Harold hits you with a +0 morningstar!
* * * LOW HITPOINT WARNING * * *
Harold gestures at you while chanting. The mark upon you grows brighter.
You closely miss Harold.
Harold is severely wounded.
Harold hits you but does no damage.
You hit Harold but do no damage. You headbutt Harold!
Harold is almost dead.
Harold hits you with a +0 morningstar!!
You die...

......... #.# ........#
#.# ........####.#
............<#
........####.###########
###.###.# #............
#.# ############# #.# #
#@# # #@# # #.# # #.# #
... # ..# # ..# # #..# #
#


You could see Harold.

Vanquished Creatures
  The ghost of RNPValinor the Cleaver, a novice DsFi (D:5)
  A water moccasin (D:6)
  2 ice beasts
  An orc warrior (D:6)
  A kobold brigand (Sewer)
  A bullfrog (D:6)
  2 scorpions (D:5)
  A water moccasin zombie (D:6)
  A water moccasin skeleton (D:6)
  A centaur zombie (D:4)
  3 hounds
  3 jellies
  2 orc priests
  Jessica (D:3)
  A centaur skeleton (D:5)
  4 orc wizards
  A hound zombie (D:5)
  Robin (D:4)
  10 adders
  A river rat (D:5)
  2 shadow imps
  2 white imps (D:5)
  2 adder skeletons (D:4)
  A worm (D:4)
  4 dart slugs
  23 orcs
  10 ball pythons
  9 endoplasms
  A giant cockroach (D:1)
  21 goblins
  11 hobgoblins
  5 jackals
  15 kobolds
  A quokka (D:1)
  7 bats
  6 frilled lizards
  11 rats
  A spectral orc (D:5)
171 creatures vanquished.

Notes
Turn   | Place    | Note
-------+----------+-------------------------------------------
     0 | D:1      | vineage the Minotaur Fighter began the quest for the Orb.
     0 | D:1      | Reached XP level 1. HP: 19/19 MP: 0/0
   321 | D:1      | Reached skill level 4 in Fighting
   339 | D:1      | Reached XP level 2. HP: 28/28 MP: 1/1
   440 | D:1      | Reached skill level 5 in Fighting
   565 | D:1      | Found a faded altar of an unknown god.
   674 | D:1      | Reached XP level 3. HP: 24/36 MP: 2/2
  1168 | D:2      | Reached skill level 6 in Fighting
  1168 | D:2      | Reached XP level 4. HP: 44/44 MP: 3/3
  1298 | D:2      | Gained mutation: You have large cloven feet. [potion of
                  | mutation]
  1298 | D:2      | Gained mutation: You tend to lose your temper in combat.
                  | [potion of mutation]
  1299 | D:2      | Lost mutation: You have large cloven feet. [potion of
                  | mutation]
  1299 | D:2      | Lost mutation: You tend to lose your temper in combat.
                  | [potion of mutation]
  1299 | D:2      | Gained mutation: You are resistant to electric shocks.
                  | (rElec) [potion of mutation]
  1299 | D:2      | Gained mutation: You possess an exceptional clarity of
                  | mind. [potion of mutation]
  1812 | D:3      | Noticed Jessica
  1819 | D:3      | Killed Jessica
  2018 | D:3      | Reached XP level 5. HP: 51/51 MP: 4/4
  2047 | D:3      | Reached skill level 7 in Fighting
  2250 | D:3      | Found a glowing drain.
  2263 | Sewer    | Entered a sewer
  2836 | Sewer    | Found a white marble altar of Elyvilon.
  3060 | D:3      | Reached skill level 8 in Fighting
  3267 | D:3      | Reached XP level 6. HP: 61/61 MP: 5/5
  3858 | D:4      | Noticed Robin
  3949 | D:4      | Reached skill level 9 in Fighting
  3949 | D:4      | Killed Robin
  4266 | D:4      | Found a staircase to the Ecumenical Temple.
  4277 | Temple   | Entered the Ecumenical Temple
  4716 | D:5      | Entered Level 5 of the Dungeon
  4721 | D:5      | Found a runed translucent door.
  4733 | D:5      | Noticed RNPValinor's ghost (novice DsFi)
  4741 | D:5      | Reached XP level 7. HP: 62/71 MP: 6/6
  4874 | D:5      | Found a white marble altar of Elyvilon.
  4874 | D:5      | Found an iron altar of Okawaru.
  4876 | D:5      | Found a sparkling altar of Nemelex Xobeh.
  4877 | D:5      | Found a glowing silver altar of Zin.
  4878 | D:5      | Found a stormy altar of Qazlal.
  4879 | D:5      | Found a hazy altar of Hepliaklqana.
  4879 | D:5      | Found a hide-covered altar of Uskayaw.
  4880 | D:5      | Found an opulent altar of Gozag.
  4883 | D:5      | Became a worshipper of Warmaster Okawaru
  5016 | D:5      | Reached skill level 10 in Fighting
  5333 | D:5      | Found a runed translucent door.
  5361 | D:5      | Found a broken altar of Ashenzari.
  5535 | D:5      | Found an ancient bone altar of Kikubaaqudgha.
  5676 | D:5      | Reached skill level 11 in Fighting
  5780 | D:5      | Found Jamousum's Weapon Boutique.
  5950 | D:5      | Found a basalt altar of Yredelemnul.
  6354 | D:5      | Killed RNPValinor's ghost
  6354 | D:5      | Reached * piety under Okawaru
  6355 | D:5      | Reached skill level 12 in Fighting
  6355 | D:5      | Reached XP level 8. HP: 54/85 MP: 7/7
  6490 | D:6      | Reached ** piety under Okawaru
  7169 | D:6      | Reached skill level 5 in Armour
  7169 | D:6      | Reached skill level 5 in Shields
  7331 | D:6      | HP: 3/85 [orc warrior (14)]
  7950 | D:7      | Identified the +4 morningstar "Rorunn" {spect, *Corrode
                  | Fragile +Blink Fly}
  7973 | D:7      | Noticed Harold
  7987 | D:7      | HP: 3/85 [Harold (5)]
  7995 | D:7      | Slain by Harold

Illustrated notes

Levels and vault maps discovered:
D:1:      dpeg_arrival_chambers_temple_mockup, layout_rooms,
          shapermc_ecumenical_altar_hornbeckon, minmay_vboxes
D:2:      layout_loops_corners
D:3:      layout_basic, portal_sewer_entry_d, grunt_ministairs_9, st_stairs_14,
          palyth_stone_intersect, uniq_jessica
D:4:      layout_rooms, minmay_temple_entry_glass, nicolae_ossuary_entry_ruins,
          uniq_robin
D:5:      layout_layer_cave, nicolae_ashenzari_skybound,
          mainiacjoe_overflow_paths, yredelemnul_forgotten_temple_becter,
          grunt_temple_overflow_open, ebering_ghost_sewer_f, serial_shops,
          nicolae_shop_bloodbath_and_beyond, chequers_arboretum
D:6:      layout_loops_corners
D:7:      layout_basic, uniq_joseph, uniq_harold
Temple:   jpeg_temple_clearing

Skill      XL: |  1  2  3  4  5  6  7  8 |
---------------+-------------------------+-----
Fighting       | 4 5 6 8 9 12 | 12.7
Armour         | 5 |  5.7
Shields        | 5 |  5.7
Long Blades    | |  2.4

Action                   |  1- 3 |  4- 6 |  7- 9 || total
-------------------------+-------+-------+-------++-------
Melee: Long sword        |    74 |     4 |       ||    78
       Headbutt          |    12 |    27 |    28 ||    67
       Dagger            |       |    30 |       ||    30
       Flail             |       |   172 |       ||   172
       Hand axe          |       |     5 |   164 ||   169
Invok: Heroism           |       |       |     1 ||     1
  Use: Scroll            |     2 |     2 |     4 ||     8
       Potion            |       |     3 |     5 ||     8
Armor: Scale mail        |    41 |   120 |    71 ||   232
Dodge: Dodged            |    46 |   110 |    50 ||   206
Block: Buckler           |    19 |    48 |    54 ||   121

Table legend: (Time is in decaauts)
 A = Elapsed time spent in this place.
 B = Non-inter-level travel time spent in this place.
 C = Inter-level travel time spent in this place.
 D = Time resting spent in this place.
 E = Time spent auto-exploring this place.
 F = Levels seen in this place.
 G = Mean time per level.
                   A        B        C        D        E       F      G
               +--------+--------+--------+--------+--------+-----+--------+
         Total |   8218 |   7818 |    400 |    856 |   5723 |   9 |  913.1 |
       Dungeon |   7439 |   7051 |    388 |    534 |   5467 |   7 | 1062.7 |
        Temple |     85 |     73 |     12 |      0 |     61 |   1 |   85.0 |
         Sewer |    693 |    693 |      0 |    322 |    195 |   1 |  693.0 |
               +--------+--------+--------+--------+--------+-----+--------+

Top non-repeatable levels by time:
     D:5: 1716 daAuts
     D:3: 1517 daAuts
     D:6: 1480 daAuts
     D:1: 909 daAuts
     D:2: 866 daAuts
     D:4: 813 daAuts
   Sewer: 693 daAuts
     D:7: 135 daAuts
  Temple: 85 daAuts
